cohdb
Replays
Latest Replays
All Replays
Popular Replays
Top Player Replays
Match Explorer
How It Works
Community
CoH3 Stats
Reddit
Sign in to upload your games and track your stats! →
Sign in with Steam
Match 39740529
Unlisted
Match 39740529
Overview
Messages
Build Orders
End
Pioneer Squad
Construct Infanterie Kompanie
Selects Terror Battlegroup
Selects Machine Gun Camouflage
MG 42 Machine Gun Team
Grenadier Squad
Grenadier Squad
Construct Luftwaffe Kompanie
Selects Interrogate
Medical Bunker
221 Scout Car
Flak 30 Anti-aircraft Gun Team
Jäger Squad
Support Elements
Jäger Squad
Wirbelwind Flakpanzer
Selects No Quarter
Marder III M Tank Destroyer
Jäger Squad
Wirbelwind Flakpanzer
Goodvyn
BIOHAZARD
0
0
Comments
sign in to comment!
No comments posted yet!